 Dungeon Crawl Stone Soup version 0.26.1-11-gd32895ea62 (webtiles) character file.

Game seed: 18051689203502569914

150 Zeld the Cudgeller (level 5, 0/34 HPs)
             Began as an Octopode Warper on May 17, 2021.
             Slain by a gnoll (4 damage)
             ... on level 3 of the Dungeon.
             The game lasted 00:03:15 (3966 turns).

Zeld the Cudgeller (Octopode Warper)                Turns: 3966, Time: 00:03:16

Health: 0/34       AC:  1    Str: 11    XL:     5   Next: 32%
Magic:  0/9        EV:  7    Int: 16    God:
Gold:   119        SH:  0    Dex: 11    Spells: 1/9 levels left

rFire    . . .     SeeInvis .   a - +0 mace
rCold    . . .     Faith    .   (no shield)
rNeg     . . .     Spirit   .   (helmet restricted)
rPois    .         Reflect  .   (no amulet)
rElec    .         Harm     .   (no ring)
rCorr    .         Rampage  .   (no ring)
Will     .....                  (no ring)
Stlth    ++........             (no ring)
HPRegen  0.11/turn              (no ring)
MPRegen  0.11/turn              (no ring)
                                (no ring)
                                (no ring)

@: held
A: almost no armour, stealthy swim, amphibious, 8 rings, constrict 8, camouflage
1, gelatinous body 1
a: no special abilities


You were on level 3 of the Dungeon.
You visited 1 branch of the dungeon, and saw 3 of its levels.

You collected 119 gold pieces.

Inventory:

Hand Weapons
 a - a +0 mace (weapon)
 o - a +0 mace
Missiles
 b - 5 boomerangs of dispersal (quivered)
Jewellery
 e - an uncursed amulet of guardian spirit {unknown}
 g - an uncursed amulet of magic regeneration {unknown}
 h - an uncursed ring of magical power {unknown}
Scrolls
 c - 3 scrolls of blinking
 f - a scroll of enchant armour {unknown}
 i - 2 scrolls of teleportation {unknown}
 j - 5 scrolls of identify {unknown}
 k - 4 scrolls of remove curse {unknown}
 m - 3 scrolls of fear {unknown}
 p - a scroll of random uselessness {unknown}
 q - a scroll of fog {unknown}
Potions
 d - 3 potions of curing {unknown}
 l - a potion of magic {unknown}
 n - a potion of resistance {unknown}


   Skills:
 - Level 2.0 Fighting
 * Level 4.0 Maces & Flails
 - Level 1.0 Throwing
 - Level 2.3 Dodging
 + Level 2.9 Spellcasting
 + Level 3.8 Translocations


You had one spell level left.
You knew the following spells:

 Your Spells              Type           Power        Failure   Level
a - Blink                 Tloc           N/A          6%          2
b - Gell's Gravitas       Tloc           7%           12%         3
c - Lesser Beckoning      Tloc           7%           12%         3

Your spell library contained the following spells:

 Spells                   Type           Power        Failure   Level
 Teleport Other           Tloc           14%          12%         3
 Passage of Golubria      Tloc           N/A          36%         4


Dungeon Overview and Level Annotations

Branches:
Dungeon (3/15)

Altars:


Innate Abilities, Weirdness & Mutations

You cannot wear most types of armour.
You are very stealthy in the water. (Stealth+)
You are amphibious.
You can wear up to eight rings at the same time.
You can use your tentacles to constrict eight enemies at once.
Your skin changes colour to match your surroundings (Stealth+).
Your rubbery body absorbs attacks. (AC +1, EV +1)


Message History

Gravity reorients around the gnoll.
The gnoll collides with the gnoll!
You kill the gnoll!
The gnoll collides with the gnoll!
The gnoll hits you with a +0 club! The gnoll barely misses you.
Unknown command.
Casting: Gell's Gravitas (quite dangerous; 12% risk of failure)
Confirm with . or Enter, or press ? or * to list all spells.
The spell is quite dangerous to cast (12% risk of failure)!
Continue anyway?
Aiming: Gell's Gravitas (quite dangerous; 12% risk of failure)
Press: ? - help, Dir - move target, f - gnoll
Aim: a gnoll, quivering a throwing net (moderately wounded) Gravity reorients around the gnoll.
The gnoll collides with the gnoll!
The gnoll hits you with a +0 club!
* * * LOW HITPOINT WARNING * * *
The gnoll completely misses you.
Unknown command.
You struggle against the net.
The gnoll hits you with a +0 club.
* * * LOW HITPOINT WARNING * * *
The gnoll hits you.
You die...

.# #. ###### ...#.. #..
##..... ...#.. #.. .......
..... ... #$.....###...# ..
#...........#
##....)......# ..
......g@.....####.####
#........g#.###...........#
#.........#.#......##.# #..
#....######...#....##.# ###
#....#######....#.....##
#............##..<.....#
............##........###
####.......###..........#
.#..........# #........#.##


You could see 2 gnolls.

Vanquished Creatures
  A hound (D:2)
  An orc priest (D:3)
  Robin (D:3)
  A gnoll (D:3)
  2 adders (D:3)
  An ooze (D:3)
  A leopard gecko (D:1)
  5 orcs (D:3)
  12 goblins
  5 hobgoblins
  4 bats
  3 frilled lizards
  4 kobolds
  8 rats
49 creatures vanquished.

Notes
Turn   | Place    | Note
-------+----------+-------------------------------------------
     0 | D:1      | Zeld the Octopode Warper began the quest for the Orb.
     0 | D:1      | Reached XP level 1. HP: 14/14 MP: 3/3
     3 | D:1      | Noticed an electric eel
     4 | D:1      | Noticed an electric eel
   414 | D:1      | Reached XP level 2. HP: 19/19 MP: 5/5
   417 | D:1      | Learned a level 2 spell: Blink
  1626 | D:3      | Reached XP level 3. HP: 15/24 MP: 6/6
  1630 | D:3      | Learned a level 3 spell: Gell's Gravitas
  1814 | D:2      | Reached skill level 3 in Maces & Flails
  1947 | D:3      | Reached XP level 4. HP: 17/29 MP: 7/7
  1953 | D:3      | Learned a level 3 spell: Lesser Beckoning
  2101 | D:3      | Noticed Robin
  3407 | D:3      | Killed Robin
  3408 | D:3      | Reached XP level 5. HP: 25/34 MP: 9/9
  3750 | D:3      | Reached skill level 4 in Maces & Flails
  3966 | D:3      | Slain by a gnoll

Illustrated notes

Levels and vault maps discovered:
D:1:      arrival_aquarium_b, layout_basic, serial_curves, eino_curves_02,
          eino_curves_02, serial_bayou_pond_e
D:2:      layout_basic
D:3:      layout_rooms, cheibriados_altar_1, old_standard_altar, uniq_robin

Skill      XL: |  1  2  3  4  5 |
---------------+----------------+-----
Maces & Flails | 3 4 |  4.0
Fighting       | |  2.0
Throwing       | |  1.0
Dodging        | |  2.3
Spellcasting   | |  2.9
Translocations | |  3.8

Action                   |  1- 3 |  4- 6 || total
-------------------------+-------+-------++-------
Melee: Mace              |    57 |    35 ||    92
       Constrict         |    16 |    12 ||    28
       Tentacles         |     7 |     6 ||    13
 Cast: Gell's Gravitas   |       |     5 ||     5
 Stab: Sleeping          |     9 |       ||     9
Armor: Skin              |     3 |     5 ||     8
Dodge: Dodged            |    45 |    35 ||    80
